 Dungeon Crawl Stone Soup version 0.23.2-1-ga50397a (webtiles) character file.

Game seed: 7579342202725005660

166 funkygono the Stinger (level 5, -2/37 HPs)
             Began as a Formicid Venom Mage on May 15, 2019.
             Slain by an adder (5 damage)
             ... on level 3 of the Dungeon.
             The game lasted 00:09:48 (2910 turns).

funkygono the Stinger (Formicid Venom Mage)         Turns: 2910, Time: 00:09:49

Health: -2/37      AC:  3    Str: 13    XL:     5   Next: 76%
Magic:  5/10       EV: 12    Int: 15    God:
Gold:   151        SH:  0    Dex: 11    Spells: 4/11 levels left

rFire    . . .     SeeInvis +   j - +0 club
rCold    . . .     Gourm    .   (no shield)
rNeg     . . .     Faith    .   a - +0 robe
rPois    .         Spirit   .   (helmet unavailable)
rElec    .         Reflect  .   p - +0 cloak
rCorr    .         Harm     .   (no gloves)
MR       .....                  (no boots)
Stlth    ++........             (no amulet)
HPRegen  0.12/turn              (no ring)
MPRegen  0.12/turn              (no ring)

@: lethally poisoned (-2 -> -5)
A: permanent stasis, dig shafts and tunnels, four strong arms, antennae 3
a: Dig, Shaft Self


You were on level 3 of the Dungeon.
You were hungry.

You visited 1 branch of the dungeon, and saw 3 of its levels.

You collected 151 gold pieces.

Inventory:

Hand Weapons
 j - a +0 club (weapon)
 l - a +2 dagger of venom
Armour
 a - a +0 robe (worn)
 m - a +0 leather armour
 n - a +0 buckler
 p - a +0 cloak (worn)
Scrolls
 e - 2 scrolls of identify
 h - 5 scrolls of remove curse
 o - a scroll of amnesia {unknown}
Potions
 d - a potion of curing
 f - a potion of mutation
 g - a potion of heal wounds
 i - a potion of ambrosia
 k - a potion of might
 q - a potion of agility {unknown}
Comestibles
 c - 3 rations


   Skills:
 + Level 1.0 Fighting
 + Level 0.6 Maces & Flails
 + Level 2.1 Dodging
 + Level 2.9 Stealth
 + Level 3.5 Spellcasting
 + Level 1.9 Conjurations
 + Level 0.1 Air Magic
 + Level 5.4 Poison Magic


You had 4 spell levels left.
You knew the following spells:

 Your Spells              Type           Power        Failure   Level  Hunger
a - Sting                 Conj/Pois      ##..         4%          1    None
b - Poisonous Vapours     Pois/Air       ##....       10%         2    ##.....
c - Olgreb's Toxic Radia  Pois           ###.....     21%         4    ####...

Your spell library contained the following spells:

 Spells                   Type           Power        Failure   Level  Hunger
 Mephitic Cloud           Conj/Pois/Air  ##......     21%         3    ###....
 Venom Bolt               Conj/Pois      ##........   75%         5    ######.


Dungeon Overview and Level Annotations

Branches:
Dungeon (3/15)

Altars:
Dithmenos

Annotations:
D:3 Grinder


Innate Abilities, Weirdness & Mutations

You cannot be hasted, slowed, berserked, paralysed or teleported.
You can dig through walls and to a lower floor.
Your four strong arms can wield two-handed weapons with a shield.
You have a pair of large antennae on your head. (SInv)


Message History

Grinder is lightly wounded.
Casting: Sting (safe; 4% risk of failure)
Confirm with . or Enter, or press ? or * to list all spells.
Aiming: Sting (safe; 4% risk of failure)
Press: ? - help, Shift-Dir - straight line, f/p - Grinder
Aim: Grinder (lightly wounded)
The sting hits Grinder.
Grinder completely resists.
Grinder is lightly wounded.
Grinder blinks!
You see here a +0 dagger.
The adder barely misses you.
Grinder blinks!
The adder bites you.
* * * LOW HITPOINT WARNING * * *
You are lethally poisoned!
The adder poisons you!
* * * LOW HITPOINT WARNING * * *
You feel sick.
* * * LOW HITPOINT WARNING * * *
You feel sick. The adder bites you.
You die...

...........# ... #.
........#.#.# #.# ..
#.....#.#.#.# #.# ..###..
#.#.#.#.### #.#
#$.#..###...#.....# #.#
#.....##..........###.#
......................#
........##.........#.##
..._...####.#...@.รท<..##
........##....#S#.....[#
........)...###.#.#....#
#.....##...{....#.....<#
#..#..###..#######.....#
..###.. #).# ##.##.# ..
#......# #.##.# #.
...#...# #.##.# ...#####
#.##)#


You could see an adder.

Vanquished Creatures
  A howler monkey (D:3)
  A worker ant (D:2)
  2 adders
  An ooze (D:1)
  A worm (D:2)
  4 dart slugs
  3 leopard geckos
  5 giant cockroaches
  11 goblins
  9 hobgoblins
  2 jackals (D:1)
  9 bats
  5 frilled lizards
  5 kobolds
  6 rats
65 creatures vanquished.

Notes
Turn   | Place    | Note
-------+----------+-------------------------------------------
     0 | D:1      | funkygono the Formicid Venom Mage began the quest for the
                  | Orb.
     0 | D:1      | Reached XP level 1. HP: 13/13 MP: 3/3
   127 | D:1      | Reached XP level 2. HP: 5/19 MP: 0/5
   348 | D:1      | Learned a level 2 spell: Poisonous Vapours
   427 | D:1      | Reached skill level 1 in Conjurations
   529 | D:1      | Reached XP level 3. HP: 16/24 MP: 0/6
  1390 | D:1      | Reached XP level 4. HP: 28/30 MP: 5/8
  1618 | D:2      | Reached skill level 5 in Poison Magic
  1806 | D:2      | Found a faded altar of an unknown god.
  1904 | D:2      | Learned a level 4 spell: Olgreb's Toxic Radiance
  2127 | D:2      | Reached XP level 5. HP: 36/36 MP: 4/9
  2557 | D:3      | Reached skill level 1 in Fighting
  2581 | D:3      | Found a shadowy altar of Dithmenos.
  2883 | D:3      | Noticed Grinder
  2910 | D:3      | Slain by an adder

Skill      XL: |  1  2  3  4  5 |
---------------+----------------+-----
Conjurations   | 1 |  1.9
Dodging        | 2 |  2.1
Spellcasting   | 3 |  3.5
Poison Magic   | 5 |  5.4
Fighting       | 1 |  1.0
Maces & Flails | |  0.6
Stealth        | |  2.9
Air Magic      | |  0.1

Action                   |  1- 3 |  4- 6 || total
-------------------------+-------+-------++-------
Melee: Unarmed           |    44 |       ||    44
       Club              |    14 |    36 ||    50
 Cast: Sting             |    58 |    68 ||   126
       Poisonous Vapours |     2 |       ||     2
  Use: Scroll            |     5 |     2 ||     7
  Eat: Chunk             |     3 |     4 ||     7
Armor: Robe              |    23 |     7 ||    30
Dodge: Dodged            |    66 |    30 ||    96
